 Dungeon Crawl Stone Soup version 0.22-a0-580-gd5db89c (webtiles) character file.

390 wellist the Skirmisher (level 6, -14/57 HPs)
             Began as a Hill Orc Fighter on July 3, 2018.
             Was an Initiate of Beogh.
             Demolished by an ogre
             ... wielding a +0 giant club
              (17 damage)
             ... on level 5 of the Dungeon.
             The game lasted 00:14:08 (4394 turns).

wellist the Skirmisher (Hill Orc Fighter)           Turns: 4394, Time: 00:14:09

Health: -14/57     AC:  7    Str: 21    XL:     6   Next: 80%
Magic:  6/6        EV:  7    Int:  8    God:    Beogh [......]
Gold:   279        SH:  9    Dex: 10    Spells: 5/5 levels left

rFire    . . .     SeeInvis .   q - +1 hand axe (freeze)
rCold    . . .     Gourm    .   c - +0 shield
rNeg     . . .     Faith    .   b - +0 scale mail
rPois    +         Spirit   .   (no helmet)
rElec    .         Reflect  .   (no cloak)
rCorr    .         Harm     .   (no gloves)
MR       .....                  (no boots)
Stlth    ..........             (no amulet)
HPRegen  0.19/turn              j - ring of wizardry
MPRegen  0.10/turn              g - ring of poison resistance

@: no status effects
A: no striking features
a: Renounce Religion


You were on level 5 of the Dungeon.
You worshipped Beogh.
Beogh was noncommittal.
You were very hungry.

You visited 1 branch of the dungeon, and saw 5 of its levels.

You collected 279 gold pieces.

Inventory:

Hand Weapons
 q - a +1 hand axe of freezing (weapon)
Armour
 b - a +0 scale mail (worn)
 c - a +0 shield (worn)
Jewellery
 g - a ring of poison resistance (right hand)
 j - a ring of wizardry (left hand)
Scrolls
 e - a scroll of noise {unknown}
 h - 2 scrolls of teleportation {unknown}
 m - a scroll of immolation {unknown}
 p - 3 scrolls of identify {unknown}
 r - a scroll of magic mapping {unknown}
 s - a scroll of fog {unknown}
 t - a scroll of enchant weapon {unknown}
 v - a scroll of fear {unknown}
Potions
 a - 2 potions of heal wounds {unknown}
 d - 2 potions of might
 i - a potion of magic {unknown}
 k - 2 potions of degeneration {unknown}
 l - 3 potions of curing {unknown}
 n - 2 potions of mutation {unknown}
 o - a potion of agility {unknown}
 u - a potion of lignification {unknown}
Comestibles
 f - 7 rations
 w - a chunk of flesh


   Skills:
 * Level 5.9 Fighting
   Level 2.0 Short Blades
 * Level 2.9 Axes
 * Level 5.4 Armour
 + Level 4.5 Shields


You had 5 spell levels left.
You didn't know any spells.
Your spell library contained the following spells:

 Spells                   Type           Power        Failure   Level  Hunger
 Magic Dart               Conj           #...         83%         1    ##.....
 Confuse                  Hex            #.......     99%         3    ####...
 Iskenderun's Mystic Bla  Conj           #.......     100%        4    #####..
 Spider Form              Tmut/Pois      #.........   99%         3    ####...
 Blade Hands              Tmut           #.........   100%        5    ######.
 Ice Form                 Ice/Tmut       #.......     100%        4    #####..
 Confusing Touch          Hex            #.....       83%         1    ##.....
 Sticks to Snakes         Tmut           #.......     92%         2    ###....
 Metabolic Englaciation   Hex/Ice        #.........   100%        5    ######.
 Petrify                  Tmut/Erth      #.......     100%        4    #####..
 Beastly Appendage        Tmut           #.....       83%         1    ##.....
 Fulminant Prism          Conj/Hex       #.........   100%        4    #####..
 Dazzling Spray           Conj/Hex       #.....       99%         3    ####...
 Force Lance              Conj/Tloc      #.......     100%        4    #####..
 Searing Ray              Conj           #.....       92%         2    ###....
 Gell's Gravitas          Tloc           #.........   99%         3    ####...
 Yara's Violent Unravell  Hex/Tmut       #.........   100%        5    ######.


Dungeon Overview and Level Annotations

Branches:
Dungeon (5/15)
 Temple: D:4-7

Altars:
Sif Muna


Message History

You hit the ogre. You freeze the ogre.
The ogre is heavily wounded.
The ogre hits you with a giant club!!
* * * LOW HITPOINT WARNING * * *
You hit the ogre. You freeze the ogre.
The ogre is severely wounded.
You block the ogre's attack.
You barely miss the ogre.
The ogre is severely wounded.
The ogre hits you with a giant club!
* * * LOW HITPOINT WARNING * * *
You hit the ogre. You freeze the ogre.
The ogre is severely wounded.
You block the ogre's attack.
A frilled lizard comes into view.
You barely miss the ogre.
The ogre is severely wounded.
You are feeling very hungry.
The ogre hits you with a giant club!
You die...

.# .##.
...Z ###
..##.
.........
##.#.....#
#.h.....#
#O# #@#
###l#####
#...%<..#
#.#.###.#
#.#.# .. #
#.# ...
#.. ...
.>. .# ###
#


You could see an ogre, a hound and a frilled lizard.

Vanquished Creatures
  A scorpion (D:4)
  A hound (D:4)
  A centaur skeleton (D:4)
  An orc wizard (D:3)
  An iguana (D:4)
  2 worker ants
  4 gnolls (D:4)
  4 adders
  2 oozes
  3 worms
  A dart slug (D:2)
  A leopard gecko (D:2)
  9 orcs
  2 ball pythons
  11 bats
  4 giant cockroaches
  9 goblins
  6 hobgoblins
  A quokka (D:2)
  5 frilled lizards
  6 kobolds
  9 rats
  A fungus (D:2)
85 creatures vanquished.

Notes
Turn   | Place    | Note
-------+----------+-------------------------------------------
     0 | D:1      | wellist the Hill Orc Fighter began the quest for the Orb.
     0 | D:1      | Reached XP level 1. HP: 19/19 MP: 1/1
   206 | D:1      | Reached XP level 2. HP: 26/27 MP: 2/2
   730 | D:1      | Reached XP level 3. HP: 27/33 MP: 3/3
  1084 | D:2      | Found a faded altar of an unknown god.
  1285 | D:2      | Reached XP level 4. HP: 41/41 MP: 4/4
  2150 | D:3      | Reached skill level 5 in Fighting
  2150 | D:3      | Reached XP level 5. HP: 29/48 MP: 5/5
  2754 | D:3      | Found a deep blue altar of Sif Muna.
  3026 | D:4      | Became a worshipper of Beogh the Brigand
  3164 | D:4      | Reached skill level 1 in Axes
  3164 | D:4      | Reached skill level 5 in Armour
  3632 | D:4      | Reached XP level 6. HP: 55/56 MP: 6/6
  4374 | D:5      | Entered Level 5 of the Dungeon
  4394 | D:5      | Demolished by an ogre

Vault maps used:
D:1:      evilmike_arrival_plus
D:2:      serial_forest, infiniplex_forest_clump_C,
          infiniplex_forest_straight_2, infiniplex_forest_clump_tiny,
          infiniplex_forest_3_way, infiniplex_forest_straight_2,
          infiniplex_forest_lined_4_way, chequers_ecumenical_altar_simple_redux,
          minmay_gold_behind_fungi
D:3:      led_sif_book
D:4:      cheibrodos_pilgrimage, minmay_strange_pillars
D:5:      lemuel_crystal_altar, first_ration, hangedman_decor_peaks_small,
          uniq_sigmund, uniq_blork_the_orc

Skill      XL: |  1  2  3  4  5  6 |
---------------+-------------------+-----
Fighting       | 4 5 |  5.9
Armour         | 4 5 |  5.4
Shields        | 4 |  4.5
Axes           | 1 2 |  2.9
Short Blades   | |  2.0

Action                   |  1- 3 |  4- 6 || total
-------------------------+-------+-------++-------
Melee: Rapier            |   112 |    82 ||   194
       Hand axe          |       |   118 ||   118
Invok: Convert to Beogh  |       |     1 ||     1
  Eat: Chunk             |     1 |     6 ||     7
       Ration            |       |     1 ||     1
Armor: Scale mail        |    51 |    71 ||   122
Dodge: Dodged            |    25 |    49 ||    74
Block: Shield            |    58 |    88 ||   146

Table legend:
 A = Spawn XP
 B = Non-spawn XP
 C = Spawn XP percentage of total XP
 D = Spawn monster count
 E = Non-spawn monster count
 F = Spawn count percentage of total count
 G = Total turns spent on level
                    A         B        C        D         E        F      G
               +---------+---------+-------+---------+---------+-------+---------
         Total |       0 |     558 |   0.0 |       0 |      84 |   0.0 |  4394
               +---------+---------+-------+---------+---------+-------+---------
           D:1 |       0 |      35 |   0.0 |       0 |      20 |   0.0 |   979
           D:2 |       0 |      90 |   0.0 |       0 |      26 |   0.0 |  1269
           D:3 |       0 |     105 |   0.0 |       0 |      24 |   0.0 |   668
           D:4 |       0 |     294 |   0.0 |       0 |      13 |   0.0 |  1458
           D:5 |       0 |      34 |   0.0 |       0 |       1 |   0.0 |    20
               +---------+---------+-------+---------+---------+-------+---------
